 Dungeon Crawl Stone Soup version 0.31-a0-210-gccc998df9b (webtiles) character file.

Game seed: 13623101435431833667

23 qw the Shooter (level 3, -5/21 HPs)
             Began as a Gargoyle Hexslinger on June 29, 2023.
             Slain by Sigmund
             ... wielding a +0 scythe
              (9 damage)
             ... on level 2 of the Dungeon.
             The game lasted 00:00:20 (599 turns).

qw the Shooter (Gargoyle Hexslinger)                 Turns: 599, Time: 00:00:20

Health: -5/21      AC:  9    Str: 17    XL:     3   Next: 0%
Magic:  4/4        EV: 11    Int: 13    God:
Gold:   47         SH:  0    Dex: 14    Spells: 3/4 levels left

rFire   . . .        c - +4 orcbow (heavy)
rCold   . . .        (shield currently unavailable)
rNeg    + . .        l - +0 ring mail
rPois   inf          (no helmet)
rElec   +            (no cloak)
rCorr   .            g - +0 pair of gloves
SInv    .            (no boots)
Will    .....        (no amulet)
Stlth   +            i - +6 ring of strength
HPRegen 0.23/turn    (no ring)
MPRegen 0.09/turn

%: no passive effects
@: no status effects
A: sickness immunity, AC +3, negative energy resistance 1, electricity
resistance, torment resistance 1, petrification resistance
a: no special abilities


You were on level 2 of the Dungeon.
You visited 1 branch of the dungeon, and saw 2 of its levels.

You collected 47 gold pieces.


Innate Abilities, Weirdness & Mutations

You are immune to sickness and miasma.
Your stone body is resilient. (AC +3)
You are immune to poison.
You resist negative energy. (rN+)
You are resistant to electric shocks. (rElec)
You are resistant to unholy torment.
You are immune to petrification.


   Skills:
 - Level 2.0 Fighting
 + Level 3.0 Ranged Weapons
 - Level 1.5 Dodging
 - Level 1.0 Spellcasting
 - Level 2.6 Hexes


You had 3 spell levels left.
You knew the following spells:

 Your Spells              Type           Power      Damage    Failure   Level
a - Slow                  Hex            28%        N/A       17%         1

Your spell library contained the following spells:

 Spells                   Type           Power      Damage    Failure   Level
 Inner Flame              Hex/Fire       4%         N/A       65%         3
 Portal Projectile        Hex/Tloc       8%         N/A       65%         3
 Cause Fear               Hex            3%         N/A       86%         4

Inventory:

Hand Weapons
 c - a +4 heavy orcbow (weapon)
Armour
 g - a +0 pair of gloves (worn)
 l - a +0 ring mail (worn)
Jewellery
 i - a +6 ring of strength (left hand)
Scrolls
 a - a scroll of teleportation
 e - a scroll of identify
Potions
 h - a potion of attraction {unknown}

Dungeon Overview and Level Annotations

Branches:
Dungeon (2/15)

Altars:

Annotations:
D:2 Sigmund


Message History

Your Fighting skill increases to level 2!
You have reached level 3!
Your experience leads to an increase in your attributes!
Your base attributes are Str 11, Int 13, Dex 12.
Increase (S)trength, (I)ntelligence, or (D)exterity?
You feel agile. x2
You start resting.
HP restored.
You now have 47 gold pieces (gained 10).
Found a robe.
You see here a wand of light (6).
Found a stone staircase leading down.
Sigmund the Dreaded comes into view.
He is wielding a +0 scythe.
Sigmund shouts!
You hear an angry hiss.
Sigmund casts a spell at you.
You are confused.
Sigmund points at you and mumbles some strange words.
The magic dart hits you.
Sigmund casts a spell.
Sigmund flickers and vanishes!
Deactivating autopickup; reactivate with Ctrl-A.
You hear a shout!
You shoot an arrow.
You feel less confused.
You shoot an arrow. Something hits you but does no damage. Something hits you.
You shoot an arrow.
Terence the Incautious comes into view.
He is wielding a +0 mace.
A magic dart appears from out of thin air!
The magic dart hits you! Something hits you.
You shoot an arrow. Something hits you but does no damage.
You shoot an arrow. The arrow hits Terence!
Terence is heavily wounded.
An adder comes into view.
Something hits you but does no damage.
You shoot an arrow. The arrow hits Terence!
You kill Terence!
Something hits you!
You die...

###################
########..................
...[...#.####...#.........
.........###.###..#####...
./.....#.....# #.#........
.........###.# #@.######..
.........# ##...#.#
.........# ##{##.#
.........# #) #.#
........... S >.#
........### .. .##
....##... .. . <...# .#.
#.. .. )#### .


You could see an adder.

Vanquished Creatures
  Terence (D:2)
  A ball python (D:1)
  2 endoplasms (D:1)
  4 giant cockroaches (D:1)
  2 hobgoblins
  3 jackals (D:1)
  A quokka (D:1)
  A bat (D:1)
  A frilled lizard (D:1)
  3 goblins
  2 rats
21 creatures vanquished.

Notes
Turn   | Place    | Note
-------+----------+-------------------------------------------
     0 | D:1      | qw the Gargoyle Hexslinger began the quest for the Orb.
     0 | D:1      | Reached XP level 1. HP: 12/12 MP: 2/2
     0 | D:1      | 0 ||| qw: Version: 0.3-a-24-ga2abf7b
     0 | D:1      | 0 ||| qw: Game counter: 7050
     0 | D:1      | 0 ||| qw: Melee chars always use a shield: true
     0 | D:1      | 0 ||| qw: God list: Okawaru
     0 | D:1      | 0 ||| qw: Allow faded altars: false
     0 | D:1      | 0 ||| qw: Do Orc after clearing Dungeon:15 true
     0 | D:1      | 0 ||| qw: Do second Lair branch before Depths: true
     0 | D:1      | 0 ||| qw: Lair rune preference: random
     0 | D:1      | 0 ||| qw: Goals: Normal
     0 | D:1      | 0 ||| PLANNING D:1-11
    81 | D:1      | Reached XP level 2. HP: 16/16 MP: 3/3
   196 | D:1      | Reached skill level 3 in Ranged Weapons
   487 | D:1      | 487 ||| UPGRADING to +0 pair of gloves.
   492 | D:1      | 492 ||| UPGRADING to +0 leather armour.
   502 | D:1      | 502 ||| DROPPING +0 robe.
   503 | D:1      | 503 ||| UPGRADING to +0 ring mail.
   513 | D:1      | 513 ||| DROPPING +0 leather armour.
   514 | D:1      | 514 ||| UPGRADING to +6 ring of strength.
   515 | D:1      | 515 ||| READING 2 scrolls labelled KOMMOPS ACIPTURR.
   518 | D:1      | 518 ||| READING 2 scrolls labelled TEGIAF KIOJ.
   519 | D:1      | 519 ||| READING scroll labelled CISMEU ELOTHRIPS.
   520 | D:1      | 520 ||| READING scroll labelled FOUPRISTR OCITA.
   521 | D:1      | 521 ||| READING scroll labelled JUFO COTTIEM.
   521 | D:1      | Identified a scroll of acquirement
   521 | D:1      | 521 ||| ACQUIRING +4 heavy orcbow
   521 | D:1      | Acquired a +4 heavy orcbow
   523 | D:1      | 523 ||| SWAPPING to +4 heavy orcbow.
   524 | D:1      | 524 ||| DROPPING +1 sling.
   525 | D:1      | 525 ||| DROPPING scroll of poison.
   557 | D:2      | Reached XP level 3. HP: 20/21 MP: 4/4
   589 | D:2      | Noticed Sigmund
   596 | D:2      | Noticed Terence
   596 | D:2      | HP: 5/21 [something/magic dart (9)]
   596 | D:2      | HP: 2/21 [something (3)]
   599 | D:2      | Killed Terence
   599 | D:2      | Slain by Sigmund

Levels and vault maps discovered:
D:1:      dpeg_arrival_erosion, layout_basic, chequers_serial_rivers_small_a
D:2:      layout_loops_ring, serial_shops, nicolae_shop_tiny_glass, shop_statue,
          uniq_jessica, uniq_sigmund, uniq_terence

Skill      XL: |  1  2 |
---------------+-------+-----
Ranged Weapons | 3 |  3.0
Fighting       | 2 |  2.0
Dodging        | |  1.5
Spellcasting   | |  1.0
Hexes          | |  2.6

Action                     || total
---------------------------++-------
   Fire: Sling             ||    56
         Orcbow            ||    17
    Use: Scroll            ||     5
 Armour: Robe              ||    26
         Ring mail         ||    12
  Dodge: Dodged            ||    43

Table legend:
 A = Non-vault XP
 B = Vault XP
 C = Vault XP percentage of total XP
 D = Non-vault monster count
 E = Vault monster count
 F = Vault count percentage of total count
                 A         B        C        D         E       F
            +---------+---------+-------+---------+---------+-------
      Total |      34 |      36 |  51.4 |      20 |       1 |   4.8
            +---------+---------+-------+---------+---------+-------
        D:1 |      29 |       0 |   0.0 |      17 |       0 |   0.0
        D:2 |       5 |      36 |  87.8 |       3 |       1 |  25.0
            +---------+---------+-------+---------+---------+-------
